 Dungeon Crawl Stone Soup version 0.21.1-1-g345015f (webtiles) character file.

68 Monsterracer the Covered (level 4, -1/34 HPs)
             Began as a Gnoll Wanderer on Feb 12, 2018.
             Slain by an adder (3 damage)
             ... on level 3 of the Dungeon.
             The game lasted 00:02:37 (2287 turns).

Monsterracer the Covered (Gnoll Wanderer)           Turns: 2287, Time: 00:02:38

Health: -1/34      AC:  7    Str: 16    XL:     4   Next: 19%
Magic:  5/5        EV: 11    Int: 17    God:
Gold:   42         SH:  0    Dex: 14    Spells: 5/5 levels left

rFire    . . .     SeeInvis .   a - +2 dagger
rCold    . . .     Gourm    .   (no shield)
rNeg     . . .     Faith    .   e - +0 ring mail
rPois    .         Spirit   .   (no helmet)
rElec    .         Reflect  .   n - +0 cloak
rCorr    .         Harm     .   (no gloves)
MR       .....                  (no boots)
Stlth    +++.......             (no amulet)
HPRegen  0.11/turn              q - +3 ring of intelligence
MPRegen  0.09/turn              (no ring)

@: no status effects
A: distributed training, fangs 1, strong nose
a: no special abilities


You were on level 3 of the Dungeon.
You were not hungry.

You visited 1 branch of the dungeon, and saw 3 of its levels.

You collected 42 gold pieces.

Inventory:

Hand Weapons
 a - a +2 dagger (weapon)
 f - a +0 shortbow
Missiles
 d - 25 arrows
 g - 7 needles of confusion
 i - 17 poisoned needles
Armour
 e - a +0 ring mail (worn)
 n - a +0 cloak (worn)
Jewellery
 p - an uncursed ring of fire
 q - a +3 ring of intelligence (left hand)
Scrolls
 j - a scroll of enchant weapon {unknown}
 o - a scroll of amnesia {unknown}
 r - a scroll of identify {unknown}
Potions
 b - a potion of berserk rage {!q}
 h - 2 potions of mutation {unknown}
 k - a potion of agility {unknown}
 l - a potion of curing {unknown}
 m - a potion of lignification {unknown}
Comestibles
 c - 3 rations


   Skills:
 + Level 2.7 Fighting
 + Level 1.0 Short Blades
 + Level 1.0 Long Blades
 + Level 1.0 Axes
 + Level 1.0 Maces & Flails
 + Level 1.0 Polearms
 + Level 1.0 Staves
 + Level 1.0 Slings
 + Level 2.7 Bows
 + Level 1.0 Crossbows
 + Level 2.7 Throwing
 + Level 6.6 Armour
 + Level 1.0 Dodging
 + Level 6.0 Stealth
 + Level 2.7 Shields
 + Level 1.0 Unarmed Combat
 + Level 1.0 Spellcasting
 + Level 0.8 Conjurations
 + Level 0.8 Hexes
 + Level 0.8 Charms
 + Level 0.8 Summonings
 + Level 0.8 Necromancy
 + Level 0.8 Translocations
 + Level 0.8 Transmutations
 + Level 0.8 Fire Magic
 + Level 0.8 Ice Magic
 + Level 0.8 Air Magic
 + Level 0.8 Earth Magic
 + Level 0.8 Poison Magic
 + Level 1.1 Invocations
 + Level 1.0 Evocations


You had 5 spell levels left.
You didn't know any spells.

Dungeon Overview and Level Annotations

Branches:
Dungeon (3/15)

Altars:


Innate Abilities, Weirdness & Mutations

Your experience applies equally to all skills.
You have very sharp teeth.
Your uncanny sense of smell can sniff out nearby items.


Message History

No target in view!
Done exploring.
Done exploring.
No target in view!
Done exploring.
Done exploring.
No target in view!
There is an escape hatch in the floor here.
Really go through this one-way escape hatch?
You slide downwards.
The hatch slams shut behind you. 4 orcs and an orc wizard come into view.
The orc shouts! x3; The orc wizard shouts!
The orc shouts!
Found a stone staircase leading up.
There are monsters nearby!
You barely miss the orc.
The orc wizard gestures at you while chanting.
The magic dart hits you! The orc closely misses you.
The orc hits you with a flail. The orc hits you.
You take 12 damage, and have 22/34 hp.
MASSIVE DAMAGE!!
You hit the orc.
The orc is lightly wounded.
The orc wizard hits you but does no damage.
The orc hits you.
You take 2 damage, and have 20/34 hp.
You hit the orc.
The orc is moderately wounded.
The orc hits you but does no damage. The orc barely misses you.
You hit the orc but do no damage.
The orc is moderately wounded.
The orc wizard hits you with a dagger.
* * * LOW HITPOINT WARNING * * *
The orc closely misses you. x3
You take 3 damage, and have 17/34 hp.
You hit the orc.
The orc is almost dead.
The orc barely misses you. The orc hits you with a flail.
* * * LOW HITPOINT WARNING * * *
You take 6 damage, and have 11/34 hp.
You completely miss the orc.
The orc is almost dead.
The orc hits you but does no damage. The orc hits you with a flail.
* * * LOW HITPOINT WARNING * * *
You take 4 damage, and have 7/34 hp.
You hit the orc but do no damage.
The orc is almost dead.
The orc barely misses you.
The orc wizard hits you but does no damage.
The orc closely misses you.
You hit the orc.
You kill the orc!
The orc wizard closely misses you. The orc closely misses you.
You hit the orc.
The orc is heavily wounded.
The orc wizard closely misses you. The orc hits you with a flail.
* * * LOW HITPOINT WARNING * * *
The orc hits you but does no damage. x2
You take 1 damage, and have 7/34 hp.
You hit the orc.
You kill the orc!
The orc wizard hits you with a dagger.
* * * LOW HITPOINT WARNING * * *
The orc hits you but does no damage. x2
A giant cockroach comes into view.
The orc wizard mumbles some strange words.
The orc wizard flickers and vanishes!
Deactivating autopickup; reactivate with Ctrl-A.
The orc misses you.
The giant cockroach moves out of view.
Items here: )) [[ † a flail; a ring mail; a flail; a leather armour; an orc corpse You take 1 damage, and have 6/34 hp.
The orc hits you but does no damage.
Found a stone staircase leading up.
Found 11 gold pieces.
You enter a teleport trap!
The teleport trap disappears.
Your surroundings suddenly seem different. 2 adders, 4 orcs and an orc wizard come into view.
Found 7 gold pieces.
A quokka comes into view.
The adder closely misses you.
A rat comes into view.
The quokka bites you.
* * * LOW HITPOINT WARNING * * *
The adder barely misses you.
You take 3 damage, and have 5/34 hp.
The quokka bites you but does no damage.
The quokka closely misses you. The adder bites you but does no damage.
You hit the rat but do no damage. Your bite misses the rat.
The rat bites you but does no damage. The adder bites you.
* * * LOW HITPOINT WARNING * * *
You take 2 damage, and have 3/34 hp.
The rat barely misses you. The rat closely misses you.
The adder barely misses you.
Found 7 gold pieces.
The quokka bites you.
* * * LOW HITPOINT WARNING * * *
The adder closely misses you.
You take 2 damage, and have 2/34 hp.
The adder bites you.
You die...

##..###.o...#.##.....#
.....<..###.#.##.....#
####$....##
#.##.....## ####.#
#.........# .
###.o.....# #ro####.#
. ##r# .# . ∆ #S# .
#@# #$.# .....
##...... ∆ ##.##### .#
.# ..


You could see an adder, 2 orcs, a quokka and a rat.

Vanquished Creatures
  2 adders (D:2)
  An ooze (D:2)
  A worm (D:2)
  A leopard gecko (D:2)
  2 orcs (D:3)
  A ball python (D:2)
  3 bats
  A giant cockroach (D:2)
  7 goblins
  9 hobgoblins
  2 quokkas (D:2)
  3 frilled lizards
  3 kobolds
  2 rats (D:1)
38 creatures vanquished.

Notes
Turn   | Place    | Note
-------+----------+-------------------------------------------
     0 | D:1      | Monsterracer the Gnoll Wanderer began the quest for the Orb.
     0 | D:1      | Monsterracer set off with: a +2 dagger, a potion of berserk rage {!q}, a ration, 25 arrows, a +0 ring mail, a +0 shortbow
     0 | D:1      | Reached XP level 1. HP: 17/17 MP: 1/1
   139 | D:1      | Reached XP level 2. HP: 23/23 MP: 2/2
  1067 | D:2      | Reached XP level 3. HP: 28/28 MP: 3/3
  1505 | D:2      | HP: 13/28 [adder (3)]
  1509 | D:2      | Reached skill level 1 in Invocations
  1510 | D:2      | HP: 10/28 [poisoned by an adder]
  1516 | D:2      | HP: 9/28 [poisoned by an adder]
  1524 | D:2      | HP: 8/28 [poisoned by an adder]
  1775 | D:2      | Reached skill level 1 in Short Blades
  1775 | D:2      | Reached skill level 1 in Long Blades
  1775 | D:2      | Reached skill level 1 in Axes
  1775 | D:2      | Reached skill level 1 in Maces & Flails
  1775 | D:2      | Reached skill level 1 in Polearms
  1775 | D:2      | Reached skill level 1 in Staves
  1775 | D:2      | Reached skill level 1 in Slings
  1775 | D:2      | Reached skill level 1 in Crossbows
  1775 | D:2      | Reached skill level 1 in Dodging
  1775 | D:2      | Reached skill level 1 in Unarmed Combat
  1775 | D:2      | Reached skill level 1 in Spellcasting
  1775 | D:2      | Reached skill level 1 in Evocations
  1851 | D:2      | HP: 14/28 [worm (9)]
  1852 | D:2      | Reached XP level 4. HP: 17/34 MP: 5/5
  2251 | D:3      | HP: 17/34 [orc wizard/dagger (3)]
  2253 | D:3      | HP: 7/34 [orc/flail (4)]
  2275 | D:3      | HP: 5/34 [quokka (3)]
  2284 | D:3      | HP: 2/34 [quokka (2)]
  2287 | D:3      | Slain by an adder

Skill      XL: |  1  2  3 |
---------------+----------+-----
Stealth        | 6 |  6.0
Invocations    | 1 |  1.1
Short Blades   | 1 |  1.0
Long Blades    | 1 |  1.0
Axes           | 1 |  1.0
Maces & Flails | 1 |  1.0
Polearms       | 1 |  1.0
Staves         | 1 |  1.0
Slings         | 1 |  1.0
Crossbows      | 1 |  1.0
Dodging        | 1 |  1.0
Unarmed Combat | 1 |  1.0
Spellcasting   | 1 |  1.0
Evocations     | 1 |  1.0
Fighting       | |  2.7
Bows           | |  2.7
Throwing       | |  2.7
Armour         | |  6.6
Shields        | |  2.7
Conjurations   | |  0.8
Hexes          | |  0.8
Charms         | |  0.8
Summonings     | |  0.8
Necromancy     | |  0.8
Translocations | |  0.8
Transmutations | |  0.8
Fire Magic     | |  0.8
Ice Magic      | |  0.8
Air Magic      | |  0.8
Earth Magic    | |  0.8
Poison Magic   | |  0.8

Action                   |  1- 3 |  4- 6 || total
-------------------------+-------+-------++-------
Melee: Dagger            |   109 |    22 ||   131
       Bite              |     7 |     2 ||     9
 Stab: Sleeping          |    11 |     1 ||    12
  Eat: Chunk             |     3 |     1 ||     4
Armor: Ring mail         |    39 |    12 ||    51
Dodge: Dodged            |    54 |    25 ||    79

Vault maps used:
D:1:      sevenhm_arrival_forest_fort_large_3, kennysheep_nondescript
D:2:      serial_glass, glass_columns_b, glass_columns_c
